 Dungeon Crawl Stone Soup version 0.19.0-19-g8c6edcc (webtiles) character file.

1463 sepiko the Cleaver (level 8, 33/76 (77) HPs)
             Began as a Minotaur Fighter on Nov 15, 2016.
             Was a Follower of Okawaru.
             Quit the game on level 1 of the Abyss.
             The game lasted 00:14:28 (5056 turns).

sepiko the Cleaver (Minotaur Fighter)               Turns: 5056, Time: 00:14:28

HP:   33/76 (77)    AC: 10    Str: 23    XL:     8   Next: 48%
MP:   7/7           EV:  5    Int:  5    God:    Okawaru [*.....]
Gold: 242           SH:  9    Dex: 10    Spells: 0 memorised, 7 levels left

rFire  . . .     SeeInvis .     a - +0 war axe
rCold  . . .     Gourm    .     r - +1 chain mail
rNeg   . . .     Faith    .     c - +0 shield
rPois  .         Spirit   .     (helmet restricted)
rElec  .         Reflect  .     (no cloak)
rCorr  .         Harm     .     (no gloves)
MR     .....                    (no boots)
Stlth  ..........               (no amulet)
                                (no ring)
                                (no ring)

@: drained
A: retaliatory headbutt, horns 2
a: Heroism, Renounce Religion


You were on level 1 of the Abyss.
You worshipped Okawaru.
Okawaru was aware of your devotion.
You were hungry.

You visited 1 branch of the dungeon, and saw 6 of its levels.
You visited the Abyss 1 time.

You collected 242 gold pieces.

Inventory:

Hand Weapons
 a - a +0 war axe (weapon)
 x - a +0 shortbow of flaming
Missiles
 j - 123 arrows
Armour
 c - a +0 shield (worn)
 r - a +1 chain mail (worn)
Jewellery
 o - a +1 ring of protection {unknown}
 A - an uncursed ring of protection from fire {unknown}
Wands
 m - a wand of iceblast (11/15)
Scrolls
 g - 5 scrolls of identify
 h - 4 scrolls of recharging
 i - 2 scrolls of remove curse
 n - a scroll of magic mapping
 q - 2 scrolls of noise
 y - a scroll of blinking {unknown}
Potions
 b - 3 potions of degeneration {unknown}
 d - a potion of might
 e - 4 potions of lignification
 k - 2 potions of mutation {unknown}
 l - 3 potions of curing {unknown}
 p - 3 potions of invisibility {unknown}
 s - a potion of flight {unknown}
 t - a potion of cure mutation {unknown}
 u - a potion of resistance {unknown}
 z - a potion of heal wounds
Books
 w - a book of Cantrips

   Spells                             Type                      Level
   a - Confusing Touch                Hexes                        1
   b - Animate Skeleton               Necromancy                   1
   c - Summon Small Mammal            Summoning                    1
   d - Apportation                    Translocation                1
Comestibles
 f - 5 bread rations
 v - 2 slices of pizza


   Skills:
 + Level 8.8(8.0) Fighting
 + Level 10.1(9.3) Axes
 - Level 3.6(2.9) Armour
 - Level 3.6(2.9) Shields


You had 7 spell levels left.
You didn't know any spells.

Dungeon Overview and Level Annotations

Branches:
Dungeon (6/15)             Temple (0/1) D:6

Altars:
Cheibriados
Elyvilon
Fedhas
Gozag
Okawaru
Qazlal
Ru


Innate Abilities, Weirdness & Mutations

You reflexively headbutt those who attack you in melee.
You have a pair of horns on your head.


Message History

A ynoxinul is nearby!
The ynoxinul bellows!
The ynoxinul moves out of view.
Found 44 gold pieces.
A starcursed mass comes into view.
A starcursed mass splits.
Found a scroll of noise.
A starcursed mass splits.
A starcursed mass splits. x2
A starcursed mass splits.
A chorus of shrieks assaults your mind.
A starcursed mass splits.
Unknown command.
Are you sure you want to abandon this character and quit the game? (Confirm with "yes".)
Okay, then.
You hit the starcursed mass but do no damage.
You headbutt the starcursed mass.
The starcursed mass is lightly damaged.
The starcursed mass shudders and withdraws towards its neighbour.
Are you sure you want to abandon this character and quit the game? (Confirm with "yes".)

## ## ### .# .## #@#
# ..#.. #.#### #.
#.#..###X..# #. #
.##. ###X###. . ##.
# .#. ..XX..#
#...##...#.#.##XX#.#
#.... ... ..# .##
##### ###.....## #3.
.### ..


You could see a starcursed mass.

Vanquished Creatures
  Pikel (D:5)
  Edmund (D:5)
  A slave (D:5)
  An ice beast (D:5)
  A necrophage (D:6)
  A centaur (D:5)
  Blork the orc (D:5)
  A scorpion (D:5)
  4 orc priests (D:4)
  An orc wizard (D:4)
  Terence (D:2)
  3 iguanas (D:5)
  A worker ant (D:4)
  A hound zombie (D:5)
  A hound skeleton (D:4)
  7 gnolls
  6 adders
  2 oozes
  An adder skeleton (D:3)
  3 worms
  4 dart slugs
  3 leopard geckos
  10 orcs
  9 giant cockroaches
  5 goblins
  4 hobgoblins
  6 jackals (D:3)
  2 quokkas
  2 ball pythons
  12 bats
  8 frilled lizards
  9 kobolds
  8 rats
  A plant (D:5)
122 creatures vanquished.

Notes
Turn   | Place    | Note
-------+----------+-------------------------------------------
     0 | D:1      | sepiko the Minotaur Fighter began the quest for the Orb.
     0 | D:1      | Reached XP level 1. HP: 19/19 MP: 0/0
     2 | D:1      | Noticed a vampire
     2 | D:1      | Noticed a troll
     4 | D:1      | Noticed a minotaur
     6 | D:1      | Noticed a vine stalker
     8 | D:1      | Noticed a ghoul
     8 | D:1      | Noticed a felid
    10 | D:1      | Noticed a merfolk
    10 | D:1      | Noticed an octopode
    12 | D:1      | Noticed a demigod
    12 | D:1      | Noticed a centaur
    14 | D:1      | Noticed a human
    16 | D:1      | Noticed a naga
    16 | D:1      | Noticed a dwarf
    18 | D:1      | Noticed a halfling
    20 | D:1      | Noticed a draconian
    20 | D:1      | Noticed a demonspawn
    22 | D:1      | Noticed a tengu
    22 | D:1      | Noticed an ogre
    24 | D:1      | Noticed a spriggan
    24 | D:1      | Noticed an elf
    26 | D:1      | Noticed a formicid
    26 | D:1      | Noticed a gargoyle
   266 | D:1      | Reached skill level 3 in Axes
   272 | D:1      | Reached XP level 2. HP: 21/26 MP: 1/1
   560 | D:1      | Reached skill level 4 in Axes
   766 | D:1      | Reached XP level 3. HP: 31/31 MP: 2/2
  1061 | D:2      | Noticed Terence
  1075 | D:2      | Killed Terence
  1075 | D:2      | Reached skill level 5 in Axes
  1075 | D:2      | Reached XP level 4. HP: 35/39 MP: 3/3
  1286 | D:2      | Found an opulent altar of Gozag.
  1635 | D:3      | Found a white marble altar of Elyvilon.
  1642 | D:3      | Reached skill level 6 in Axes
  1706 | D:3      | Found a snail-covered altar of Cheibriados.
  1932 | D:3      | Found a faded altar of an unknown god.
  1943 | D:3      | Reached XP level 5. HP: 46/46 MP: 4/4
  2579 | D:4      | Reached skill level 7 in Axes
  2579 | D:4      | Reached XP level 6. HP: 53/53 MP: 5/5
  2719 | D:4      | Found an iron altar of Okawaru.
  2722 | D:4      | Became a worshipper of Warmaster Okawaru
  2744 | D:4      | Reached skill level 5 in Fighting
  3612 | D:5      | Entered Level 5 of the Dungeon
  3612 | D:5      | Noticed an ice beast
  3624 | D:5      | Killed an ice beast
  3624 | D:5      | Reached XP level 7. HP: 31/63 MP: 6/6
  3628 | D:5      | Reached * piety under Okawaru
  3628 | D:5      | Reached skill level 8 in Axes
  3920 | D:5      | Noticed Edmund
  3940 | D:5      | Killed Edmund
  4195 | D:5      | Noticed Pikel
  4204 | D:5      | Killed Pikel
  4204 | D:5      | Reached skill level 9 in Axes
  4204 | D:5      | Reached XP level 8. HP: 65/74 MP: 4/7
  4228 | D:5      | Noticed Blork the orc
  4237 | D:5      | Killed Blork the orc
  4396 | D:5      | Found a stormy altar of Qazlal.
  4398 | D:5      | Found a sacrificial altar of Ru.
  4828 | D:6      | Found a staircase to the Ecumenical Temple.
  4869 | D:6      | Found a blossoming altar of Fedhas.
  4911 | D:6      | Reached skill level 10 in Axes
  4926 | D:6      | Paralysed by a gnoll for 6 turns
  4931 | D:6      | Cast into level 1 of the Abyss (gnoll)
  5047 | Abyss:1  | Noticed a starcursed mass
  5056 | Abyss:1  | Quit the game

Skill      XL: |  1  2  3  4  5  6  7  8 |
---------------+-------------------------+-----
Axes           | 3 4 5 6 7 9 10 | 10.1
Fighting       | 4 6 8 |  8.8
Armour         | |  3.6
Shields        | |  3.6

Action                   |  1- 3 |  4- 6 |  7- 9 || total
-------------------------+-------+-------+-------++-------
Melee: War axe           |    77 |   164 |    90 ||   331
       Headbutt          |    11 |    41 |    20 ||    72
Invok: Heroism           |       |       |     1 ||     1
  Use: Scroll            |       |     6 |     2 ||     8
  Eat: Chunk             |     1 |     8 |     4 ||    13
Armor: Scale mail        |    39 |    21 |       ||    60
       Chain mail        |       |    72 |    32 ||   104
Dodge: Dodged            |    25 |    48 |    14 ||    87
Block: Shield            |    42 |    67 |    33 ||   142
